Workbook

Sheet LIMPEZA
A1: PLANILHA DE CUSTOS
A3: Nº DO PROCESSO:______________________
A4: PREGÃO PRESENCIAL Nº _______/________
A6: A – Data de apresentação da proposta:
A7: B – Município/UF: | D7: ERECHIM/RS
A8: C – Ano do Acordo, Convenção ou Dissídio Coletivo: | D8: 2025
A9: D – Número de Colaboradores 40 horas Semanais: | D9: =E40 -> 51
A10: E – Número de Colaboradores 20 horas Semanais: | D10: =E41 -> 2
A11: F – Número de meses de execução contratual: | D11: 12
A12: SERVIÇOS DE LIMPEZA
A14: Planilha de Composição de Custos
A16: Orçamento Sintético
A17: Descrição do Item | E17: Custo (R$/mês) | F17: %
A18: =A53 -> 1.1 Mão-de-obra | E18: =E19+E20+E21+E22 -> 4053.3442 | F18: =IFERROR(E18/$E$31,0) -> 0.49301976
A19: =A40 -> 1.1.1 Categoria Profissional de Prestador de Serviços de Limpeza 40hrs | E19: =F65 -> 3444.06 | F19: =IFERROR(E19/$E$31,0) -> 0.41891079
A20: =A70 -> 1.2. Vale Transporte | E20: =F76 -> 152.79 | F20: =IFERROR(E20/$E$31,0) -> 0.018584281
A21: =A78 -> 1.3. Plano de Benefício Social | E21: =F82 -> 24.1 | F21: =IFERROR(E21/$E$31,0) -> 0.0029313514
A22: =A84 -> 1.4. Auxílio Alimentação (mensal) – 40hrs | E22: =F87 -> 432.3942 | F22: =IFERROR(E22/$E$31,0) -> 0.052593334
A23: =A115 -> 2. Custo Mensal com Uniformes e EPIs – 40hrs | E23: =F115 -> 188.18182 | F23: =IFERROR(E23/$E$31,0) -> 0.022889089
A24: =A53 -> 1.1 Mão-de-obra | E24: =E25+E26+E27+E28 -> 2115.1171 | F24: =IFERROR(E24/$E$31,0) -> 0.2572677
A25: =A41 -> 1.1.2 Categoria Profissional de Prestador de Serviços de Limpeza 20hrs | E25: =F66 -> 1722.03 | F25: =IFERROR(E25/$E$31,0) -> 0.2094554
A26: =A20 -> 1.2. Vale Transporte | E26: =E20 -> 152.79 | F26: =IFERROR(E26/$E$31,0) -> 0.018584281
A27: =A21 -> 1.3. Plano de Benefício Social | E27: =E21 -> 24.1 | F27: =IFERROR(E27/$E$31,0) -> 0.0029313514
A28: =A89 -> 1.5. Auxílio Lanche (mensal) – 20hrs | E28: =F92 -> 216.1971 | F28: =IFERROR(E28/$E$31,0) -> 0.026296667
A29: =A116 -> 2. Custo Mensal com Uniformes e EPIs – 20hrs | E29: =F113 -> 94.090909 | F29: =IFERROR(E29/$E$31,0) -> 0.011444544
A30: =A118 -> 4. Benefícios e Despesas Indiretas | E30: =E122 -> 1770.73 | F30: =IFERROR(E30/$E$31,0) -> 0.21537891
A31: PREÇO TOTAL MENSAL | E31: =E18+E23+E24+E29+E30 -> 8221.464 | F31: =F18+F23+F24+F29+F30 -> 1
A32: Salário Normativo:
A33: a) Categoria: Profissional de Serviço de Limpeza cód. 5143 | D33: 1653.58
A35: NÚMERO DE REGISTRO NO MTE: RS000023/2025
A36: Valor do piso para 220 horas mensais 2025 | H36: =C36/220 -> 0
A38: Quantitativos
A39: Mão-de-obra | E39: Quantidade
A40: 1.1.1 Categoria Profissional de Prestador de Serviços de Limpeza 40hrs | E40: 51 | F40: =IF(E40>=0,"CORRETO","INCORRETO") -> CORRETO
A41: 1.1.2 Categoria Profissional de Prestador de Serviços de Limpeza 20hrs | E41: 2 | F41: =IF(E41>=0,"CORRETO","INCORRETO") -> CORRETO
A42: Piso da categoria Base | E42: =D33 -> 1653.58
A43: Adicional de Insalubridade | E43: 40
A44: Tempo trabalho por mês (Horas) + (DSR) 40hrs | E44: ='5 Horários'!M15 -> 200
A45: =+#REF! -> #REF! | E45: 0
A46: Piso da categoria + 4,56% IPCA Base 2018 | E46: =1354.21*1.0456 -> 1415.962
A47: Tempo trabalho por mês (Horas) | E47: 200
A48: Tempo trabalho por mês (Horas) + (DSR) 20hrs | E48: ='5 Horários'!F15 -> 100
A50: Fator de utilização (FU) | B50: ='5 Horários'!M17 -> 0.90909091
A51: Fator de utilização (FU) | B51: ='5 Horários'!F17 -> 0.45454545
A53: 1.1 Mão-de-obra
A54: =A40 -> 1.1.1 Categoria Profissional de Prestador de Serviços de Limpeza 40hrs
A55: =A41 -> 1.1.2 Categoria Profissional de Prestador de Serviços de Limpeza 20hrs
A56: Discriminação | B56: Unidade | C56: Quantidade | D56: Custo unitário | E56: Subtotal | F56: Total (R$)
A57: Piso da categoria | B57: mês | C57: 1 | D57: =E42 -> 1653.58 | E57: =C57*D57 -> 1653.58
A58: Adicional de Insalubridade | B58: % | C58: =E43 -> 40 | D58: =SUM(E57:E57) -> 1653.58 | E58: =C58*D58/100 -> 661.432 | H58: Piso da categoria
A59: Soma | E59: =SUM(E57:E58) -> 2315.012 | H59: Soma
A60: Encargos Sociais | B60: % | C60: ='8. Encargos Sociais'!C38*100 -> 63.647581 | D60: =E59 -> 2315.012 | E60: =D60*C60/100 -> 1473.4491 | H60: Encargos Sociais
A61: RETENÇÃO | B61: % | C61: =#REF!*100 -> #REF! | D61: =E59*E65 -> 2104.5564 | E61: =D61*C61/100 -> #REF!
A62: RETENÇÃO | B62: % | C62: =C61 -> #REF! | D62: =E59*E66 -> 1052.2782 | E62: =D62*C62/100 -> #REF!
A63: Total por Funcionário | E63: =E59+E60 -> 3788.4611 | H63: Total por Assistente Administrativo
A64: Total do Efetivo | B64: homem | C64: 1 | D64: =E63 -> 3788.4611 | E64: =C64*D64 -> 3788.4611 | H64: Total do Efetivo
C65: 40hrs | D65: Fator de util. | E65: =$B$50 -> 0.90909091 | F65: =ROUND(E64*E65,2) -> 3444.06
C66: 20hrs | D66: Fator de util. | E66: ='5 Horários'!F17 -> 0.45454545 | F66: =ROUND(E64*E66,2) -> 1722.03
A70: 1.2. Vale Transporte
A71: Discriminação | B71: Unidade | C71: Quantidade | D71: Custo unitário | E71: Subtotal | F71: Total (R$)
A72: Vale Transporte | B72: R$ | C72: 2 | D72: 6
A73: Dias Trabalhados por mês | B73: dia | C73: 21
A74: Funcionário de Atividades Gerais | B74: vale | C74: =C72*C73 -> 42 | D74: =C74*D72 -> 252 | E74: =ROUND(D74-(6%*E57),2) -> 152.79
B75: vale | C75: =$C$165*2*(C52) -> 0 | D75: =IFERROR((($C$165*2*$D$164)-(E40*0.06*C73/26))/($C$165*2),"-") -> - | E75: =IFERROR(C75*D75,"-") -> -
D76: Fator de util. | E76: 1 | F76: =SUM(E74:E75)*E76 -> 152.79
A78: 1.3. Plano de Benefício Social
A79: Discriminação | B79: Unidade | C79: Quantidade | D79: Custo unitário | E79: Subtotal | F79: Total (R$)
A80: Plano de Benefício Social | B80: Unidade | C80: =C64 -> 1 | D80: 24.1 | E80: =C80*D80 -> 24.1
B81: unidade | C81: 0 | D81: 0
D82: Fator de util. | E82: 1 | F82: =SUM(E80:E81)*E82 -> 24.1
A84: 1.4. Auxílio Alimentação (mensal) – 40hrs
A85: Discriminação | B85: Unidade | C85: Quantidade | D85: Custo unitário | E85: Subtotal | F85: Total (R$)
A86: Auxílio Alimentação Funcionários | B86: unidade | C86: =C64*21 -> 21 | D86: =25.42*0.81 -> 20.5902 | E86: =(D86*C86) -> 432.3942
A87: Vale alimentação no valor de R$25,42 | D87: Fator de util. | E87: 1 | F87: =SUM(E86:E86)*E87 -> 432.3942
A89: 1.5. Auxílio Lanche (mensal) – 20hrs
A90: Discriminação | B90: Unidade | C90: Quantidade | D90: Custo unitário | E90: Subtotal | F90: Total (R$)
A91: Auxílio Alimentação Funcionários | B91: unidade | C91: =C64*21 -> 21 | D91: =12.71*0.81 -> 10.2951 | E91: =(D91*C91) -> 216.1971
A92: Vale alimentação no valor de R$12,71 | D92: Fator de util. | E92: 1 | F92: =E91*E92 -> 216.1971
A95: =A40 -> 1.1.1 Categoria Profissional de Prestador de Serviços de Limpeza 40hrs | F95: =F65+F76+F82+F87 -> 4053.3442
A96: =A41 -> 1.1.2 Categoria Profissional de Prestador de Serviços de Limpeza 20hrs | F96: =F66+F76+F82+F92 -> 2115.1171
A98: 2. Uniformes e Equipamentos de Proteção Individual
A99: 2.1. Uniformes e EPIs
A100: Discriminação | B100: Unidade | C100: Durabilidade (meses) | D100: Custo unitário | E100: Subtotal | F100: Total (R$)
A101: Jaqueta | B101: unidade | C101: 12 | D101: 135 | E101: =IFERROR(D101/C101,0) -> 11.25
A102: Óculos de Proteção | B102: unidade | C102: 1 | D102: 6 | E102: =IFERROR(D102/C102,0) -> 6
A103: Protetor Auditivo | B103: unidade | C103: 1 | D103: 2 | E103: =IFERROR(D103/C103,0) -> 2
A104: Calça | B104: unidade | C104: 2 | D104: 55 | E104: =IFERROR(D104/C104,0) -> 27.5
A105: Camiseta | B105: unidade | C105: 1 | D105: 50 | E105: =IFERROR(D105/C105,0) -> 50
A106: Calçado de proteção | B106: par | C106: 6 | D106: 69 | E106: =IFERROR(D106/C106,0) -> 11.5
A107: Calçado de proteção impermeável cano longo | B107: par | C107: 12 | D107: 60 | E107: =IFERROR(D107/C107,0) -> 5
A108: Luvas látex/neoprene min. 30 cm cano | B108: par | C108: 0.1 | D108: 5.5 | E108: =IFERROR(D108/C108,0) -> 55
A109: Máscara de proteção respiratória | B109: unidade | C109: 0.1 | D109: 3.4 | E109: =IFERROR(D109/C109,0) -> 34
A110: Cinto de Segurança com Talabarte | B110: unidade | C110: 60 | D110: 285 | E110: =IFERROR(D110/C110,0) -> 4.75
A111: Quantidade de trabalhadores (concedido 02 uniformes p/colaborador) | C111: 1 | D111: =+SUM(E101:E110) -> 207 | E111: =C111*D111 -> 207
C112: 40hrs | D112: Fator de util. | E112: =$B$50 -> 0.90909091 | F112: =E111*E112 -> 188.18182
C113: 20hrs | D113: Fator de util. | E113: =B51 -> 0.45454545 | F113: =E111*E113 -> 94.090909
A115: 2. Custo Mensal com Uniformes e EPIs – 40hrs | F115: =+F112 -> 188.18182
A116: 2. Custo Mensal com Uniformes e EPIs – 20hrs | F116: =F113 -> 94.090909
A118: 4. Benefícios e Despesas Indiretas
A119: Discriminação | B119: Unidade | C119: Quantidade | D119: Custo unitário | E119: Subtotal | F119: Total (R$)
...

Sheet TOTAIS
A1: SERVIÇOS DE LIMPEZA | B1: MESES DE CONTRATO | C1: VALOR MENSAL | D1: COLABORADORES | E1: TOTAL MENSAL | F1: TOTAL CONTRATO | G1: RETENÇÃO
A2: Serviços de Limpeza 40 hrs | B2: =LIMPEZA!D11 -> 12 | C2: =LIMPEZA!F120 -> 5405.826 | D2: =LIMPEZA!E40 -> 51 | E2: =C2*D2 -> 275697.13 | F2: =E2*B2 -> 3308365.5 | G2: =LIMPEZA!E61 -> #REF! | H2: =D2*G2 -> #REF! | I2: =H2*B2 -> #REF!
A3: Serviços de Limpeza 20 hrs | B3: =LIMPEZA!D11 -> 12 | C3: =LIMPEZA!F121 -> 2815.638 | D3: =LIMPEZA!E41 -> 2 | E3: =C3*D3 -> 5631.276 | F3: =E3*B3 -> 67575.312 | G3: =LIMPEZA!E62 -> #REF! | H3: =D3*G3 -> #REF! | I3: =H3*B3 -> #REF!
E4: =SUM(E2:E3) -> 281328.4 | F4: =SUM(F2:F3) -> 3375940.8 | H4: =SUM(H2:H3) -> #REF! | I4: =SUM(I2:I3) -> #REF!
H5: =H4/E4 -> #REF! | I5: =I4/F4 -> #REF!

Sheet 4.BDI
A1: Orientações para preenchimento:
A2: 1. Esta planilha é somente um modelo-base e deve ser ajustada conforme cada caso concreto.
A3: 2. Preencher somente células em amarelo
A6: Composição do BDI - Benefícios e Despesas Indiretas
D9: 1° Quartil | E9: Médio | F9: 3° Quartil
A10: Administração Central | B10: AC | C10: 0.0627 | D10: 0.0297 | E10: 0.0508 | F10: 0.0627
A11: Seguros/Riscos/Garantias | B11: SRG | C11: 0.0171 | D11: 0.0086 | E11: =0.48%+0.85% -> 0.0133 | F11: =0.82%+0.89% -> 0.0171
A12: Lucro | B12: L | C12: 0.1 | D12: 0.05 | E12: 0.08 | F12: 0.1355
A13: Despesas Financeiras | B13: DF | C13: =E13/12/30*E14 -> 0.0016319444 | D13: SELIC | E13: 0.1175
A14: Tributos - ISS | B14: T | C14: 0.03 | D14: DU | E14: 5
A15: Tributos - PIS/COFINS | C15: 0.0365
A16: Fórmula para o cálculo do BDI:
A17: {[(1+AC+SRG) x (1+L) x (1+DF)] / (1-T)} -1
A18: Resultado do cálculo do BDI: | C18: =ROUND((((1+C10+C11)*(1+C12)*(1+C13))/(1-(C14+C15))-1),4) -> 0.2745
A20: AC = taxa representativa das despesas de rateio da administração central
A21: R = taxa representativa de riscos
A22: S = taxa representativa de seguros
A23: G = taxa representativa de garantias
A24: DF = taxa representativa das despesas financeiras
A25: L = taxa representativa do lucro ou remuneração
A26: T = taxa representativa da incidência de tributos

Sheet 5 Horários
A1: Prefeitura Municipal de ------------- | H1: Prefeitura Municipal de -------------
A2: Planilha com os horários | H2: Planilha com os horários dos Porteiros
A3: Periodicidade: Segunda à Sexta | H3: Periodicidade: Segunda à Sexta
A4: Nr. Func. | B4: Cargo | C4: Dias | D4: Entrada | E4: Saída | F4: Total Horas | H4: Nr. Func. | I4: Cargo | J4: Dias | K4: Entrada | L4: Saída | M4: Total Horas
B5: Limpeza | C5: Segunda a sexta | D5: 0.3125 | E5: 0.47916667 | F5: 0.16666667 | I5: Limpeza | J5: Segunda a sexta | K5: 0.3125 | L5: 0.47916667 | M5: 0.33333333
K6: 0.54166667 | L6: 0.70833333
A7: Cargo: Atividades Gerais de Limpeza e Copeiro | H7: Cargo: Atividades Gerais de Limpeza e Copeiro
A8: Total de horas por funcionário | F8: 4 | H8: Total de horas por funcionário | M8: 8
A9: Total de dias por semana | F9: 5 | H9: Total de dias por semana | M9: 5
A10: Total de horas por semana | F10: =F8*F9 -> 20 | H10: Total de horas por semana | M10: =M8*M9 -> 40
A11: Dias úteis semana | F11: 6 | H11: Dias úteis semana | M11: 6
A12: Total de dias com (DSR) Descanso Semanal Remunerado | F12: 7 | H12: Total de dias com (DSR) Descanso Semanal Remunerado | M12: 7
A13: Total de horas/dia com (DSR) | F13: =F10/F11 -> 3.3333333 | H13: Total de horas/dia com (DSR) | M13: =M10/M11 -> 6.6666667
A14: Total de dias no mês (30 dias) | F14: 30 | H14: Total de dias no mês (30 dias) | M14: 30
A15: Total geral de horas mês com (DSR) | F15: =F13*F14 -> 100 | H15: Total geral de horas mês com (DSR) | M15: =M13*M14 -> 200
A16: Total geral de horas base mês com (DSR) | F16: 220 | H16: Total geral de horas base mês com (DSR) | M16: 220
A17: Fator de utilização | F17: =F15/F16 -> 0.45454545 | H17: Fator de utilização | M17: =M15/M16 -> 0.90909091

Sheet 8. Encargos Sociais
A1: Orientações para preenchimento:
A2: 1. Preencha previamente os dados de entrada na planilha 3.CAGED
A4: Composição dos Encargos Sociais | F4: RETENÇÃO
A5: Código | B5: Descrição | C5: Valor | F5: Código | G5: Descrição | H5: Valor
A6: A1 | B6: INSS | C6: 0.2 | F6: A1 | G6: INSS
A7: A2 | B7: Salário Educação | C7: 0.025 | F7: A2 | G7: Salário Educação
A8: A3 | B8: SAT | C8: 0.06 | F8: A3 | G8: SAT
A9: A4 | B9: SESC ou SESI | C9: 0.015 | F9: A4 | G9: SESC ou SESI
A10: A5 | B10: SENAI - SENAC | C10: 0.01 | F10: A5 | G10: SENAI - SENAC
A11: A6 | B11: SEBRAE | C11: 0.006 | F11: A6 | G11: SEBRAE
A12: A7 | B12: INCRA | C12: 0.002 | F12: A7 | G12: INCRA
A13: A8 | B13: FGTS | C13: 0.08 | F13: A8 | G13: FGTS
A14: A | B14: SOMA GRUPO A | C14: =SUM(C6:C13) -> 0.398 | F14: A | G14: SOMA GRUPO A | H14: =SUM(H6:H13) -> 0
A16: B1 | B16: 13º (décimo terceiro) Salário | C16: 0.0833 | F16: B1 | G16: 13º (décimo terceiro) Salário | H16: 0.0833
A17: B2 | B17: Férias e Adicional de Férias | C17: =1/3*C16 -> 0.027766667 | F17: B2 | G17: Férias e Adicional de Férias | H17: =1/3*H16 -> 0.027766667
A18: B3 | B18: Incidência grupo A s/13 adicional | C18: =C14*(C16+C17) -> 0.044204533 | F18: B3 | G18: Incidência grupo A s/13 adicional | H18: =H14*(H16+H17) -> 0
A19: B | B19: SOMA GRUPO B | C19: =C16+C17+C18 -> 0.1552712 | F19: B | G19: SOMA GRUPO B | H19: =H16+H17+H18 -> 0.11106667
A21: C1 | B21: Aviso Prévio Indenizado | C21: =1/12*D21 -> 0.0041666667 | D21: 0.05 | F21: C1 | G21: Aviso Prévio Indenizado | H21: =1/12*I21 -> 0.0041666667 | I21: 0.05
A22: C2 | B22: Incidência do FGTS sobre o Aviso Prévio Indenizado | C22: =C21*C13 -> 0.00033333333 | F22: C2 | G22: Incidência do FGTS sobre o Aviso Prévio Indenizado | H22: =H21*H13 -> 0
A23: C3 | B23: Multa do FGTS e contribuição social sobre o Aviso Prévio Indenizado | F23: C3 | G23: Multa do FGTS e contribuição social sobre o Aviso Prévio Indenizado
A24: C4 | B24: Aviso Prévio Trabalhado | C24: =(((1/30)/12)*7)*D24 -> 0.019444444 | D24: 1 | F24: C4 | G24: Aviso Prévio Trabalhado | H24: =(((1/30)/12)*7)*I24 -> 0.019444444 | I24: 1
A25: C5 | B25: Incidência de GPS, FGTS e outras contribuições sobre o Aviso Prévio Trabalhado | C25: =C14*C24 -> 0.0077388889 | F25: C5 | G25: Incidência de GPS, FGTS e outras contribuições sobre o Aviso Prévio Trabalhado | H25: =H14*H24 -> 0
A26: C6 | B26: Multa do FGTS e contribuição social sobre o Aviso Prévio Trabalhado | C26: 0.04 | F26: C6 | G26: Multa do FGTS e contribuição social sobre o Aviso Prévio Trabalhado | H26: 0.04
A27: C | B27: SOMA GRUPO C | C27: =SUM(C21:C26) -> 0.071683333 | F27: C | G27: SOMA GRUPO C | H27: =SUM(H21:H26) -> 0.063611111
A29: D1 | B29: Substituto na cobertura de Férias | C29: 0 | F29: D1 | G29: Substituto na cobertura de Férias | H29: 0
A30: D2 | B30: Substituto na cobertura de Ausências por Doença | C30: =(((1/30)/12)*E30)*D30 -> 0.0055555556 | D30: 0.4 | E30: 5 | F30: D2 | G30: Substituto na cobertura de Ausências por Doença | H30: =(((1/30)/12)*J30)*I30 -> 0.0055555556 | I30: 0.4 | J30: 5
A31: D3 | B31: Substituto na cobertura de Ausências Legais | C31: =(1/30)/12 -> 0.0027777778 | D31: 1 | F31: D3 | G31: Substituto na cobertura de Ausências Legais | H31: =(1/30)/12 -> 0.0027777778 | I31: 1
A32: D4 | B32: Substituto na cobertura de Licença-Paternidade | C32: =(((1/30)/12)*5)*D32 -> 0.00020833333 | D32: 0.015 | F32: D4 | G32: Substituto na cobertura de Licença-Paternidade | H32: =(((1/30)/12)*5)*I32 -> 0.00020833333 | I32: 0.015
A33: D5 | B33: Substituto na cobertura de Ausência por acidente de trabalho | C33: =(((1/30)/12)*E33)*D33 -> 0.0022222222 | D33: 0.08 | E33: 10 | F33: D5 | G33: Substituto na cobertura de Ausência por acidente de trabalho | H33: =(((1/30)/12)*J33)*I33 -> 0.0022222222 | I33: 0.08 | J33: 10
A34: D6 | B34: Substituto na cobertura de Afastamento Maternidade | C34: =(((1+C6+C16+C13)*(4/12))/12)*D34 -> 0.00075738889 | D34: 0.02 | F34: D6 | G34: Substituto na cobertura de Afastamento Maternidade | H34: =(((1+H6+H16+H13)*(4/12))/12)*I34 -> 0.00060183333 | I34: 0.02
A35: D7 | B35: Substituto na cobertura de Outras ausências (especificar) | C35: 0 | D35: 2730 | F35: D7 | G35: Substituto na cobertura de Outras ausências (especificar) | H35: 0 | I35: 2730
A36: D8 | B36: Incidência grupo A | C36: =(C29+C30+C31+C32+C33+C34+C35)*C14 -> 0.0045854686 | D36: =D35*C34 -> 2.0676717 | F36: D8 | G36: Incidência grupo A | H36: =(H29+H30+H31+H32+H33+H34+H35)*H14 -> 0 | I36: =I35*H34 -> 1.643005
A37: D | B37: SOMA GRUPO D | C37: =SUM(C29:C35) -> 0.011521278 | F37: D | G37: SOMA GRUPO D | H37: =SUM(H29:H35) -> 0.011365722
B38: SOMA (A+B+C+D) | C38: =C14+C19+C27+C37 -> 0.63647581 | G38: SOMA (A+B+C+D) | H38: =H14+H19+H27+H37 -> 0.1860435
